[Event "November 21 Late 2023"]
[Site "https://www.chess.com"]
[Date "2023.11.21"]
[Round "6"]
[White "Manukyan, Sargis A."]
[Black "Gokerkan, Cem Kaan"]
[Result "1-0"]
[Board "23"]
[TimeControl "180+1"]
[WhiteFideId "13303970"]
[BlackFideId "6336760"]
[WhiteElo "2204"]
[BlackElo "2365"]
[WhiteTeam "ARM"]
[BlackTeam "TUR"]
[WhiteClock "0:00:08"]
[BlackClock "0:00:00"]

1. d4 Nf6 2. c4 e6 3. Nc3 Bb4 4. e3 O-O 5. a3 Be7 6. b4 a5 7. b5 d5 8. c5 c6 9. a4 Nbd7 10. f4 Ne4 11. Qc2 Nxc3 12. Qxc3 Nf6 13. Bd3 Bd7 14. b6 Ne4 15. Qc2 f5 16. Nf3 Be8 17. Nd2 Bh5 18. Nxe4 fxe4 19. Be2 Bxe2 20. Qxe2 Qe8 21. Bd2 Qg6 22. O-O-O Qf6 23. Kc2 Kf7 24. g4 Ke8 25. h4 Kd7 26. h5 Qf7 27. Bc3 Qe8 28. Rdg1 Qf7 29. Qg2 Qg8 30. Qh3 Rf7 31. Rf1 Qf8 32. Rf2 Bxc5 33. dxc5 Qxc5 34. g5 Rf5 35. g6 h6 36. Rb1 Qc4 37. Rb3 c5 38. Rd2 Qxa4 39. Kb2 Ra6 40. Qf1 c4 41. Ra3 Rxb6+ 42. Ka2 Qc6 43. Bxg7 Rxh5 44. Bd4 Rb3 45. g7 Rxa3+ 46. Kxa3 Qc8 47. Qg2 Qg8 48. Qg6 Rh1 49. f5 exf5 50. Bc5 1-0

[Event "November 21 Late 2023"]
[Site "https://www.chess.com"]
[Date "2023.11.21"]
[Round "6"]
[White "Wadsworth, Matthew J"]
[Black "Hakobyan, Aram"]
[Result "1/2-1/2"]
[Board "24"]
[TimeControl "180+1"]
[WhiteFideId "415804"]
[BlackFideId "13306677"]
[WhiteElo "2266"]
[BlackElo "2584"]
[WhiteTeam "ENG"]
[BlackTeam "ARM"]
[WhiteClock "0:00:04"]
[BlackClock "0:01:11"]

1. Nf3 g6 2. g3 Bg7 3. Bg2 Nf6 4. c4 O-O 5. Nc3 d6 6. O-O Bf5 7. h3 Nc6 8. d3 Qc8 9. Kh2 e5 10. Bg5 h6 11. Bxf6 Bxf6 12. Rb1 Bg7 13. b4 Be6 14. b5 Ne7 15. Nd2 f5 16. a4 Rb8 17. a5 g5 18. e3 Qe8 19. Nd5 Nxd5 20. Bxd5 Bxd5 21. cxd5 Qg6 22. Rc1 Rf7 23. e4 f4 24. g4 Rbf8 25. f3 h5 26. Kg2 Bf6 27. Qe1 Rh7 28. Rh1 Bd8 29. Qe2 Rh6 30. Rcf1 Kg7 31. Nb3 Rfh8 32. d4 Qh7 33. Qd3 hxg4 34. fxg4 Bf6 35. dxe5 Bxe5 36. Nd4 Bxd4 37. Qxd4+ Kg8 38. Rf3 Rh4 39. Qxa7 Rxg4+ 40. Kf1 Qe7 41. Qb8+ Kg7 42. Qxh8+ Kxh8 43. hxg4+ Kg7 44. Rfh3 Qxe4 45. Rh7+ Kg8 46. Rh8+ Kg7 47. R1h7+ Kg6 48. Rh6+ Kf7 49. R8h7+ Kg8 50. Rh8+ Kg7 51. R6h7+ Kf6 52. Rh6+ Kf7 53. R8h7+ Kg8 54. Rh8+ Kg7 55. R6h7+ 1/2-1/2

[Event "November 21 Late 2023"]
[Site "https://www.chess.com"]
[Date "2023.11.21"]
[Round "6"]
[White "Arabidze, Meri"]
[Black "Sarana, Alexey"]
[Result "1-0"]
[Board "25"]
[TimeControl "180+1"]
[WhiteFideId "13604040"]
[BlackFideId "24133795"]
[WhiteElo "2416"]
[BlackElo "2707"]
[WhiteTeam "GEO"]
[BlackTeam "SRB"]
[WhiteClock "0:00:33"]
[BlackClock "0:01:08"]

1. Nf3 d5 2. b3 c5 3. e3 Nc6 4. Bb5 f6 5. O-O e5 6. Nxe5 fxe5 7. Qh5+ Ke7 8. Bxc6 bxc6 9. Qxe5+ Kf7 10. Bb2 Nf6 11. Qg5 Bd6 12. f4 h6 13. Qg3 Bf5 14. d3 Qe7 15. Nd2 Rae8 16. Rae1 g5 17. e4 dxe4 18. dxe4 Bxf4 19. Rxf4 gxf4 20. Qxf4 Qd7 21. Rf1 Rhf8 22. Qxh6 Re6 23. exf5 Rd6 24. Nc4 Ke7 25. Re1+ 1-0

[Event "November 21 Late 2023"]
[Site "https://www.chess.com"]
[Date "2023.11.21"]
[Round "6"]
[White "Rasulov, Vugar"]
[Black "Vasquez Vargas, Henry Richard"]
[Result "1-0"]
[Board "26"]
[TimeControl "180+1"]
[WhiteFideId "13402390"]
[BlackFideId "3836878"]
[WhiteElo "2517"]
[BlackElo "2012"]
[WhiteTeam "AZE"]
[BlackTeam "PER"]
[WhiteClock "0:00:33"]
[BlackClock "0:00:01"]

1. h4 d5 2. h5 h6 3. d4 Nf6 4. c4 c6 5. e3 Bg4 6. Be2 Bxe2 7. Qxe2 e6 8. Nc3 Bb4 9. Bd2 Nbd7 10. Nf3 a5 11. Rc1 Bxc3 12. Bxc3 Ne4 13. Nd2 Nxd2 14. Bxd2 O-O 15. g4 dxc4 16. Rxc4 e5 17. dxe5 Nxe5 18. Rd4 Qe7 19. f4 Nd7 20. Qf3 Nc5 21. O-O Rfe8 22. Kg2 Ne4 23. Be1 Rad8 24. Bxa5 Rxd4 25. exd4 Ra8 26. Re1 f5 27. gxf5 Rxa5 28. Rxe4 Qf6 29. a3 Qxf5 30. Re8+ Kh7 31. Re5 Qc2+ 32. Kg3 Ra4 33. Qe3 Rc4 34. Re7 Qb1 35. Kg4 Qd1+ 36. Qf3 Qxd4 37. Rxb7 Qg1+ 38. Kh3 Rd4 39. Rb4 Rd5 40. Qe4+ g6 41. Rb7+ Kg8 42. Qe8# 1-0

[Event "November 21 Late 2023"]
[Site "https://www.chess.com"]
[Date "2023.11.21"]
[Round "6"]
[White "Taboas Rodriguez, Daniel"]
[Black "Remizov, Yaroslav"]
[Result "0-1"]
[Board "27"]
[TimeControl "180+1"]
[WhiteFideId "2208466"]
[BlackFideId "34134015"]
[WhiteElo "2365"]
[BlackElo "2420"]
[WhiteTeam "ESP"]
[BlackTeam "RUS"]
[WhiteClock "0:00:00"]
[BlackClock "0:00:03"]

1. d4 d5 2. Nf3 Nf6 3. c4 e6 4. Nc3 c6 5. Bg5 Nbd7 6. e3 Qa5 7. Nd2 dxc4 8. Bxf6 Nxf6 9. Nxc4 Qc7 10. Bd3 Be7 11. O-O O-O 12. Rc1 Rd8 13. Qc2 a6 14. Ne4 h6 15. Nxf6+ Bxf6 16. b4 Bd7 17. Rfd1 Be8 18. a3 Rd7 19. Bh7+ Kh8 20. Be4 Rad8 21. g3 g6 22. a4 Kg7 23. a5 h5 24. h4 Re7 25. Bf3 Red7 26. Qc3 Qb8 27. Kg2 Kh7 28. Ne5 Re7 29. Qc5 Qd6 30. Qxd6 Rxd6 31. Nc4 Rd8 32. Rc2 Red7 33. Rdc1 Be7 34. Rb1 f6 35. Nb6 Rd6 36. Nc4 R6d7 37. Nb6 Rc7 38. Be4 Bd6 39. Rbb2 Kg7 40. Kf1 g5 41. Nc4 Be7 42. hxg5 fxg5 43. Ne5 Bf6 44. f4 Kh6 45. Rh2 Kg7 46. Bf3 g4 47. Be4 Rb8 48. Nxg4 Be7 49. Ne5 b6 50. Rhc2 bxa5 51. bxa5 Rxb2 52. Rxb2 c5 53. Rb6 cxd4 54. exd4 Bb5+ 55. Kf2 h4 56. gxh4 Bxh4+ 57. Ke3 Rc3+ 58. Kd2 Ra3 59. Rxe6 Ra2+ 60. Kc3 Be1+ 61. Kb3 Re2 62. Re7+ Kf6 63. Rf7+ Ke6 64. Rg7 Rxe4 65. Rg6+ Kd5 66. Rg5 Re3+ 67. Kc2 Kxd4 68. Kd1 Ba4+ 69. Kc1 Bc3 70. Rg1 Bxa5 0-1

[Event "November 21 Late 2023"]
[Site "https://www.chess.com"]
[Date "2023.11.21"]
[Round "6"]
[White "MKlose11"]
[Black "Rustemov, Alexander"]
[Result "1/2-1/2"]
[Board "28"]
[TimeControl "180+1"]
[BlackFideId "4119002"]
[WhiteElo "2652"]
[BlackElo "2863"]
[BlackTeam "RUS"]
[WhiteClock "0:00:04"]
[BlackClock "0:00:04"]

1. e4 e6 2. Nf3 d5 3. e5 c5 4. b4 cxb4 5. a3 Qa5 6. d4 Bd7 7. Bd3 Bb5 8. O-O Nc6 9. Bxb5 Qxb5 10. axb4 Bxb4 11. c3 Be7 12. Na3 Qb6 13. Rb1 Qc7 14. Nb5 Qd7 15. Bg5 Bf8 16. Qa4 b6 17. Rfc1 h6 18. Be3 Rc8 19. c4 Kd8 20. cxd5 exd5 21. Ra1 a5 22. Qb3 Bb4 23. Bd2 Nge7 24. Bxb4 Nxb4 25. Nd6 Rxc1+ 26. Rxc1 Nec6 27. h3 Ke7 28. Qe3 Rd8 29. Qf4 Kf8 30. g4 Qe6 31. Kh2 Kg8 32. Rg1 g5 33. Qg3 f6 34. Nf5 Kh7 35. exf6 Rd7 36. h4 Qxf6 37. hxg5 hxg5 38. Kg2 Kg8 39. Rh1 Rh7 40. Re1 Rd7 41. Re8+ Kf7 42. Rc8 Ne7 43. Nxe7 Rxe7 44. Qh3 Ke6 45. Ne5 Kd6 46. Qh5 a4 47. Rd8+ Kc7 48. Ra8 Kb7 49. Rxa4 Nc6 50. Nxc6 Kxc6 51. Qh3 Rf7 52. Qc3+ Kb7 53. Qe3 Qf4 54. Qe2 Qe4+ 55. Qxe4 dxe4 56. d5 b5 57. Rxe4 Kb6 58. d6 Kc5 59. Re7 Rf6 60. d7 Rd6 61. Re5+ Kc4 62. Rxg5 Rxd7 63. Rg6 Kc5 64. Rg8 Rb7 65. Rc8+ Kd4 66. Rc1 b4 67. Kg3 b3 68. f4 Kd3 69. g5 b2 70. Rb1 Kc2 71. Rf1 Rd7 72. Rf2+ Rd2 73. Rf1 Rd1 74. Rf2+ Rd2 75. Rf1 Rd1 76. Rf2+ Rd2 1/2-1/2

[Event "November 21 Late 2023"]
[Site "https://www.chess.com"]
[Date "2023.11.21"]
[Round "6"]
[White "Taher, Yoseph Theolifus"]
[Black "Wieczorek, Oskar"]
[Result "1-0"]
[Board "29"]
[TimeControl "180+1"]
[WhiteFideId "7105347"]
[BlackFideId "1133950"]
[WhiteElo "2352"]
[BlackElo "2407"]
[WhiteTeam "INA"]
[BlackTeam "POL"]
[WhiteClock "0:01:53"]
[BlackClock "0:00:30"]

1. d4 Nf6 2. Nc3 c5 3. d5 g6 4. e4 d6 5. f4 Bg7 6. e5 Nfd7 7. e6 fxe6 8. dxe6 Nf6 9. Bc4 Nc6 10. Nf3 O-O 11. O-O Na5 12. Bd5 Nxd5 13. Qxd5 Rf5 14. Qe4 Nc6 15. Nd5 Nb4 16. c4 Nxd5 17. cxd5 Qa5 18. g4 Rf8 19. f5 Qb4 20. Qxb4 cxb4 21. fxg6 hxg6 22. Kg2 b6 23. Bg5 Re8 24. Nh4 Bb7 25. Rad1 Rac8 26. Nxg6 Rc2+ 27. Rf2 Rc5 28. Rf5 Bf6 29. Bxf6 exf6 30. Nf4 Rc2+ 31. Kg3 Rxb2 32. Rxf6 Rxa2 33. Rf7 Bc8 1-0

[Event "November 21 Late 2023"]
[Site "https://www.chess.com"]
[Date "2023.11.21"]
[Round "6"]
[White "Sturt, Raven"]
[Black "Raja Rithvik R"]
[Result "1-0"]
[Board "30"]
[TimeControl "180+1"]
[WhiteFideId "2007304"]
[BlackFideId "35007394"]
[WhiteElo "2408"]
[BlackElo "2395"]
[WhiteTeam "USA"]
[BlackTeam "IND"]
[WhiteClock "0:01:04"]
[BlackClock "0:01:10"]

1. f4 d5 2. Nf3 Nf6 3. e3 g6 4. d4 Bg7 5. c4 c5 6. cxd5 Nxd5 7. e4 Nf6 8. e5 Nd5 9. dxc5 Qa5+ 10. Bd2 Qxc5 11. Na3 O-O 12. Rc1 Qb6 13. Nc4 Qd8 14. Be2 Nc6 15. O-O Be6 16. Qa4 Nb6 17. Qa3 Nxc4 18. Bxc4 Bxc4 19. Rxc4 Qd5 20. Rc5 Qe6 21. Be3 Rfd8 22. Ng5 Qf5 23. Qb3 Rab8 24. e6 f6 25. Rxf5 gxf5 26. Nf7 Rdc8 27. Qb5 Nd8 28. Qe8+ Bf8 29. Nh6+ Kg7 30. Nxf5+ 1-0

[Event "November 21 Late 2023"]
[Site "https://www.chess.com"]
[Date "2023.11.21"]
[Round "6"]
[White "Erdogan, Anil Berk"]
[Black "Eljanov, Pavel"]
[Result "0-1"]
[Board "31"]
[TimeControl "180+1"]
[WhiteFideId "6348173"]
[BlackFideId "14102951"]
[WhiteElo "2007"]
[BlackElo "2598"]
[WhiteTeam "TUR"]
[BlackTeam "UKR"]
[WhiteClock "0:00:18"]
[BlackClock "0:00:59"]

1. e4 c6 2. d4 d5 3. exd5 cxd5 4. c4 Nf6 5. Nc3 Nc6 6. Bg5 dxc4 7. Bxc4 h6 8. Be3 e6 9. Nf3 Bd6 10. O-O O-O 11. h3 b6 12. d5 Na5 13. b3 Nxc4 14. bxc4 exd5 15. Nxd5 Bb7 16. Qd3 Nxd5 17. cxd5 Bxd5 18. Rfd1 Bxf3 19. gxf3 Be5 20. Rac1 Qxd3 21. Rxd3 Rac8 22. f4 Rxc1+ 23. Bxc1 Bf6 24. Kg2 Rc8 25. Be3 Rc4 26. Ra3 Rc7 27. Ra6 Kf8 28. a4 Bc3 29. Kf3 Ke7 30. Ke4 Kd6 31. f5 Kc6 32. Bf4 Re7+ 33. Kd3 Kb7 34. Rxa7+ Kxa7 35. Kxc3 Re4 36. Be3 Rxa4 37. f6 gxf6 38. Bxh6 Rh4 0-1

[Event "November 21 Late 2023"]
[Site "https://www.chess.com"]
[Date "2023.11.21"]
[Round "6"]
[White "Vasquez Schroeder, Rodrigo"]
[Black "aghasiyevkamal"]
[Result "1-0"]
[Board "32"]
[TimeControl "180+1"]
[WhiteFideId "3400042"]
[WhiteElo "2582"]
[BlackElo "2581"]
[WhiteTeam "CHI"]
[WhiteClock "0:00:06"]
[BlackClock "0:00:01"]

1. e4 e6 2. d4 d5 3. Nc3 Bb4 4. e5 c5 5. Bd2 Ne7 6. Nb5 Bxd2+ 7. Qxd2 O-O 8. c3 b6 9. f4 Ba6 10. a4 Bxb5 11. axb5 c4 12. b3 cxb3 13. Nf3 a5 14. Ra4 Nd7 15. Qb2 f6 16. Qxb3 fxe5 17. fxe5 Rxf3 18. gxf3 Nf5 19. h4 Nxh4 20. c4 Qg5 21. cxd5 Rf8 22. Be2 Ng2+ 23. Kf2 Nf4 24. Bf1 Nxd5 25. Qd3 g6 26. Rc4 Ra8 27. Bh3 Nf8 28. Qe4 Qd2+ 29. Kg3 Qg5+ 30. Qg4 Qd2 31. Qh4 h5 32. Qe4 Qg5+ 33. Kf2 Qd2+ 34. Qe2 Qf4 35. Bf1 a4 36. Qe4 Qd2+ 37. Be2 a3 38. Rd1 Qg5 39. Rg1 Qh6 40. Rcc1 a2 41. Bc4 Kf7 42. Bxd5 Qd2+ 43. Kg3 exd5 44. Qxd5+ Ne6 45. Qd7+ Kf8 46. Qxe6 Qg5+ 47. Kh3 Qf4 48. Qd6+ Kf7 49. Qxg6+ Ke7 50. Rc7+ Kd8 51. Qd6+ Ke8 52. Qe7# 1-0

[Event "November 21 Late 2023"]
[Site "https://www.chess.com"]
[Date "2023.11.21"]
[Round "6"]
[White "Stoyanov, Tsvetan"]
[Black "elmusmolamas"]
[Result "0-1"]
[Board "33"]
[TimeControl "180+1"]
[WhiteFideId "2917173"]
[WhiteElo "2390"]
[BlackElo "2579"]
[WhiteTeam "BUL"]
[WhiteClock "0:00:07"]
[BlackClock "0:00:04"]

1. e4 e6 2. d3 d5 3. Nd2 g6 4. Ngf3 Bg7 5. g3 c5 6. Bg2 Nc6 7. O-O Nge7 8. Rb1 O-O 9. a3 a5 10. Re1 b6 11. h4 Bb7 12. h5 Rc8 13. c3 Ba6 14. Bf1 dxe4 15. Nxe4 Nd5 16. Bg5 f6 17. Bd2 g5 18. c4 Nc7 19. Bc3 h6 20. Bg2 e5 21. g4 Ne6 22. Ng3 Bb7 23. Nh2 Qd7 24. Nf5 Nf4 25. Be4 Rfd8 26. Re3 Ne7 27. Qb3 Nxf5 28. Bxf5 Qc6 29. Be4 Qc7 30. Qc2 Rd6 31. Nf1 Rcd8 32. Ng3 Bc8 33. f3 Be6 34. b4 axb4 35. axb4 cxb4 36. Bxb4 R6d7 37. Bc3 Bf8 38. Kh2 Bc5 39. Ree1 Nxd3 40. Red1 Nf4 41. Nf5 Bxf5 42. Bxf5 Rxd1 43. Rxd1 Rd6 44. Bd2 Qd8 45. Bh7+ Kg7 46. Bxf4 Rxd1 47. Qg6+ Kh8 48. Qxh6 Qf8 49. Qg6 exf4 50. h6 Rd7 51. Bg8 Qxg8 52. Qxf6+ Kh7 53. Qf5+ Kxh6 54. Qxd7 Qg7 55. Qc6+ Qg6 56. Qd5 Qc2+ 57. Kh3 Qg6 58. Qd2 Qd6 59. Qc3 Kg6 60. Qc2+ Kg7 61. Qf5 Qf6 62. Qd7+ Qf7 63. Qc6 Kg8 64. Qe4 Qh7+ 65. Qxh7+ Kxh7 66. Kg2 Kg6 67. Kf1 Kf6 68. Ke2 Ke5 69. Kd3 Be3 0-1

[Event "November 21 Late 2023"]
[Site "https://www.chess.com"]
[Date "2023.11.21"]
[Round "6"]
[White "D`Arruda, Ricardo D."]
[Black "Troff, Kayden"]
[Result "0-1"]
[Board "34"]
[TimeControl "180+1"]
[WhiteFideId "100692"]
[BlackFideId "2047896"]
[WhiteElo "2546"]
[BlackElo "2544"]
[WhiteTeam "ARG"]
[BlackTeam "USA"]
[WhiteClock "0:00:37"]
[BlackClock "0:00:44"]

1. Nf3 Nf6 2. d4 g6 3. Nc3 d5 4. Bg5 Nbd7 5. Qd3 h6 6. Bh4 Bg7 7. e4 dxe4 8. Nxe4 Nxe4 9. Qxe4 Nf6 10. Qe3 O-O 11. Bc4 Bf5 12. O-O-O b5 13. Bxb5 Qd5 14. Qb3 Qb7 15. Bd3 Qc6 16. Bxf5 gxf5 17. Ne5 Qe4 18. Bxf6 Bxf6 19. Nf3 Rab8 20. Qc4 c5 21. Rhe1 Qf4+ 22. Kb1 cxd4 23. Nxd4 Rfc8 24. Qd3 Rd8 25. c3 Qxf2 26. Qxf5 Qxb2# 0-1

[Event "November 21 Late 2023"]
[Site "https://www.chess.com"]
[Date "2023.11.21"]
[Round "6"]
[White "Vadim_Galchenko"]
[Black "Hambleton, Aman"]
[Result "1-0"]
[Board "35"]
[TimeControl "180+1"]
[BlackFideId "2606577"]
[WhiteElo "2525"]
[BlackElo "2511"]
[BlackTeam "CAN"]
[WhiteClock "0:00:46"]
[BlackClock "0:00:00"]

1. e4 b6 2. d4 Bb7 3. Nc3 e6 4. Nf3 Bb4 5. Bd3 Nf6 6. Nd2 d5 7. e5 Ng8 8. Qg4 Bf8 9. Ne2 Ba6 10. Bxa6 Nxa6 11. c3 Ne7 12. Ng3 g6 13. h4 h5 14. Qe2 Nb8 15. Nf3 c5 16. Ng5 Qd7 17. Qf3 Nec6 18. Qf6 Rg8 19. Be3 Bg7 20. Qf3 Na6 21. O-O Rf8 22. Nh7 Rh8 23. Nf6+ Bxf6 24. Qxf6 Rg8 25. Bg5 Qe7 26. Qf3 Qf8 27. Qe2 Nc7 28. Qd2 Kd7 29. b3 cxd4 30. cxd4 Qb4 31. Qf4 Rgf8 32. Rfd1 Rac8 33. Rac1 Qa3 34. Bh6 Qxa2 35. Bxf8 Rxf8 36. Qe3 Qa6 37. Qc3 Qb5 38. Nf1 Rc8 39. Qf3 Nd8 40. Rc3 1-0

[Event "November 21 Late 2023"]
[Site "https://www.chess.com"]
[Date "2023.11.21"]
[Round "6"]
[White "Wagner, Dennis"]
[Black "Estrategia_vs_Tactica"]
[Result "1/2-1/2"]
[Board "36"]
[TimeControl "180+1"]
[WhiteFideId "24650684"]
[WhiteElo "2482"]
[BlackElo "2349"]
[WhiteTeam "GER"]
[WhiteClock "0:00:07"]
[BlackClock "0:00:20"]

1. d4 Nf6 2. c4 c5 3. e3 cxd4 4. exd4 g6 5. Nc3 Bg7 6. d5 O-O 7. Nf3 e6 8. Be2 exd5 9. cxd5 d6 10. O-O Na6 11. Bf4 Nc5 12. Re1 Re8 13. Rc1 Bf5 14. Nd4 Bc8 15. Ndb5 Bf8 16. b4 Nce4 17. Bf3 Nxc3 18. Rxc3 Rxe1+ 19. Qxe1 Bf5 20. h3 a6 21. Nd4 Bd7 22. Qc1 Rc8 23. g4 Rxc3 24. Qxc3 Qc8 25. Qxc8 Bxc8 26. b5 axb5 27. Nxb5 Ne8 28. Kf1 f6 29. Ke2 Kf7 30. Kd3 Bd7 31. Kc4 Be7 32. Kb4 g5 33. Be3 f5 34. Bb6 fxg4 35. Bxg4 Bxg4 36. hxg4 Nf6 37. Kc4 Nxg4 38. a4 h5 39. Kd3 h4 40. Ke2 Ne5 41. Bd4 Nc4 42. Kf3 Kg6 43. Kg4 Nd2 44. f4 gxf4 45. Kxf4 Nb3 46. Bf2 Nc5 47. Kg4 Nxa4 48. Bxh4 Bxh4 49. Kxh4 Kf5 50. Nxd6+ Ke5 51. Nxb7 Kxd5 1/2-1/2

[Event "November 21 Late 2023"]
[Site "https://www.chess.com"]
[Date "2023.11.21"]
[Round "6"]
[White "Fiorito, Francisco"]
[Black "Orphanator2009"]
[Result "1-0"]
[Board "37"]
[TimeControl "180+1"]
[WhiteFideId "180165"]
[WhiteElo "2318"]
[BlackElo "2247"]
[WhiteTeam "ARG"]
[WhiteClock "0:00:01"]
[BlackClock "0:00:00"]

1. Nf3 Nf6 2. g3 d5 3. Bg2 e6 4. O-O Be7 5. c4 O-O 6. d4 dxc4 7. Ne5 Nc6 8. Bxc6 bxc6 9. Nxc6 Qe8 10. Nxe7+ Qxe7 11. Qa4 e5 12. dxe5 Qxe5 13. Qxc4 Be6 14. Bf4 Qxb2 15. Qc3 Qxe2 16. Re1 Qh5 17. Qxc7 Qh3 18. f3 Rac8 19. Qe5 Rc2 20. Nd2 Nd5 21. Rec1 Nxf4 22. Qxf4 Rb2 23. Qd4 Rfb8 24. Rab1 Rxb1 25. Rxb1 Rxb1+ 26. Nxb1 h6 27. Nc3 Qf5 28. Qf2 Qd3 29. Ne4 Qb1+ 30. Kg2 Qxa2 31. Nc5 Qxf2+ 32. Kxf2 Kf8 33. Ke3 Ke7 34. Kd4 Kd6 35. g4 a5 36. h3 Ke7 37. f4 Bd7 38. Nd3 a4 39. Kc4 f6 40. Nc5 Kd6 41. Ne4+ Ke7 42. Kb4 Bc6 43. Ng3 g5 44. Nf5+ Ke6 45. fxg5 hxg5 46. Nd4+ Kd6 47. Kc4 Bd7 48. Nf3 Ke6 49. h4 1-0

[Event "November 21 Late 2023"]
[Site "https://www.chess.com"]
[Date "2023.11.21"]
[Round "6"]
[White "Galchenko, Matvey"]
[Black "Sanchez Alvares, Kelvin Antonio"]
[Result "1-0"]
[Board "38"]
[TimeControl "180+1"]
[WhiteFideId "24175480"]
[BlackFideId "3906680"]
[WhiteElo "2406"]
[BlackElo "2217"]
[WhiteTeam "FID"]
[BlackTeam "VEN"]
[WhiteClock "0:01:25"]
[BlackClock "0:01:11"]

1. e4 e5 2. Nf3 Nc6 3. d4 exd4 4. c3 Nf6 5. e5 Ne4 6. cxd4 Bb4+ 7. Nbd2 d5 8. Bd3 O-O 9. O-O Bxd2 10. Bxd2 Bg4 11. Be3 f6 12. exf6 Rxf6 13. Be2 Qd6 14. Qb3 b6 15. h3 Bh5 16. Rac1 Raf8 17. Rxc6 Qxc6 18. Ne5 Qe8 19. Qxd5+ Kh8 20. Bxh5 Qxh5 21. Qxe4 c5 22. Nd7 1-0

[Event "November 21 Late 2023"]
[Site "https://www.chess.com"]
[Date "2023.11.21"]
[Round "6"]
[White "Maksimovic, Bojan"]
[Black "Elgersma, Onno"]
[Result "0-1"]
[Board "39"]
[TimeControl "180+1"]
[WhiteFideId "14408120"]
[BlackFideId "1053531"]
[WhiteElo "2546"]
[BlackElo "2251"]
[WhiteTeam "BIH"]
[BlackTeam "NED"]
[WhiteClock "0:00:04"]
[BlackClock "0:00:20"]

1. a3 g6 2. e4 Bg7 3. d4 d6 4. Nc3 Nf6 5. Be3 Nc6 6. Nf3 Bg4 7. Qd2 Bxf3 8. gxf3 e5 9. d5 Nd4 10. Bxd4 exd4 11. Bb5+ Nd7 12. Ne2 O-O 13. Bxd7 Qxd7 14. O-O-O Qh3 15. Qd3 f5 16. Nxd4 fxe4 17. fxe4 Qxd3 18. Rxd3 Rxf2 19. Ne6 Be5 20. h4 h6 21. Rb3 b6 22. Rd3 Kh7 23. Re1 Rc8 24. Rd2 Bxb2+ 25. Kd1 Rf3 26. Rd3 Rf2 27. Rd2 Rf6 28. Rd3 c5 29. Rb3 Be5 30. a4 c4 31. Rb4 Bc3 32. Rb5 Bxe1 33. Kxe1 Re8 34. Ke2 Rexe6 35. dxe6 Rxe6 36. Ke3 Re5 37. Rb4 d5 38. Kd4 Rxe4+ 39. Kxd5 Rxh4 40. Kc6 Rf4 41. Kb7 Rf7+ 42. Ka6 h5 43. Rxc4 Kh6 44. a5 bxa5 45. Rc8 h4 46. c4 h3 47. Rh8+ Rh7 48. Rxh7+ Kxh7 49. c5 h2 50. c6 h1=Q 51. c7 Qc6+ 52. Kxa5 Qxc7+ 53. Ka6 Qb6# 0-1

[Event "November 21 Late 2023"]
[Site "https://www.chess.com"]
[Date "2023.11.21"]
[Round "6"]
[White "Khamrakulov, Djurabek"]
[Black "Hajiyev, Kanan"]
[Result "1-0"]
[Board "40"]
[TimeControl "180+1"]
[WhiteFideId "14201143"]
[BlackFideId "13404148"]
[WhiteElo "2535"]
[BlackElo "2102"]
[WhiteTeam "UZB"]
[BlackTeam "AZE"]
[WhiteClock "0:00:17"]
[BlackClock "0:00:00"]

1. e4 c6 2. d4 d5 3. Nc3 a6 4. Nf3 Bg4 5. Bd3 e6 6. O-O Nf6 7. Re1 Bb4 8. e5 Nfd7 9. Bd2 O-O 10. Nb1 Bxd2 11. Nbxd2 c5 12. c3 Nc6 13. h3 Bh5 14. Qc2 Bg6 15. Bxg6 hxg6 16. Qd3 cxd4 17. cxd4 Qb6 18. Nb3 Qb5 19. Qe3 Nb4 20. Qf4 Qd3 21. Ng5 Nc2 22. Rad1 Qf5 23. Qh4 Rfc8 24. Re2 Nf8 25. a3 Rc4 26. Na5 Rc7 27. Rdd2 Rac8 28. Qg3 b6 29. Nb3 Rc4 30. Nf3 a5 31. a4 Rb4 32. Nh4 Qh5 33. Rxc2 Rcc4 34. Rxc4 dxc4 35. Nc1 c3 36. bxc3 Rb1 37. Re1 Qh6 38. f4 Qh5 39. Kh2 Rb2 40. Nd3 Rb3 41. Nf2 Nh7 42. Ng4 g5 43. fxg5 Qxg5 44. Nf3 Qf5 45. Nh6+ 1-0

[Event "November 21 Late 2023"]
[Site "https://www.chess.com"]
[Date "2023.11.21"]
[Round "6"]
[White "Nazari, Arad"]
[Black "Petukhov, Dmitry"]
[Result "1-0"]
[Board "41"]
[TimeControl "180+1"]
[WhiteFideId "12577324"]
[BlackFideId "4142748"]
[WhiteElo "2100"]
[BlackElo "2269"]
[WhiteTeam "IRI"]
[BlackTeam "RUS"]
[WhiteClock "0:00:38"]
[BlackClock "0:00:57"]

1. e4 c5 2. Nf3 d6 3. Bb5+ Nc6 4. Bxc6+ bxc6 5. O-O e5 6. c3 Bg4 7. h3 Bh5 8. Re1 Be7 9. b3 g5 10. d4 cxd4 11. cxd4 exd4 12. Qxd4 Bf6 13. e5 dxe5 14. Qe4 Bxf3 15. Qxf3 Qd5 16. Qe2 Ne7 17. Nc3 Qa5 18. Ne4 Bg7 19. Bd2 Qc7 20. Bxg5 Nf5 21. Qg4 Nd4 22. Nf6+ Kf8 23. Nd7+ Kg8 24. Bf6 Ne6 25. Nc5 h5 26. Nxe6 fxe6 27. Qxe6+ Qf7 28. Qxf7+ Kxf7 29. Bxg7 Kxg7 30. Rxe5 Rhe8 31. Rxh5 Re2 32. Rg5+ Kf6 33. Rc5 Rd8 34. Rxc6+ Kg5 35. Ra6 Rd7 36. Rf1 Rb2 37. Ra5+ Kg6 38. g4 Rc2 39. Kg2 Rc3 40. f3 Rc1 41. Rxc1 1-0

[Event "November 21 Late 2023"]
[Site "https://www.chess.com"]
[Date "2023.11.21"]
[Round "6"]
[White "Prithu Gupta"]
[Black "Korchmar, Vasiliy"]
[Result "0-1"]
[Board "42"]
[TimeControl "180+1"]
[WhiteFideId "46618546"]
[BlackFideId "24131750"]
[WhiteElo "2344"]
[BlackElo "2372"]
[WhiteTeam "IND"]
[BlackTeam "RUS"]
[WhiteClock "0:00:00"]
[BlackClock "0:01:39"]

1. e4 c5 2. Nf3 d6 3. Bb5+ Bd7 4. c4 Nc6 5. d4 cxd4 6. Nxd4 g6 7. O-O Bg7 8. Be3 Nf6 9. Nc3 Ng4 10. Bxc6 bxc6 11. Bc1 Qb6 12. Nb3 Qb4 13. Qe2 Be6 14. c5 dxc5 15. Qa6 Qb6 16. Qe2 Ne5 17. Nd2 Rd8 18. f4 Nd3 19. f5 Bc8 20. f6 Bxf6 21. Rxf6 exf6 22. b3 Qb4 0-1

[Event "November 21 Late 2023"]
[Site "https://www.chess.com"]
[Date "2023.11.21"]
[Round "6"]
[White "Sydoryka, Vladyslav"]
[Black "ciutadella"]
[Result "1-0"]
[Board "43"]
[TimeControl "180+1"]
[WhiteFideId "14145928"]
[WhiteElo "2271"]
[BlackElo "2534"]
[WhiteTeam "UKR"]
[WhiteClock "0:00:28"]
[BlackClock "0:00:05"]

1. c4 e6 2. g3 d5 3. Bg2 Nf6 4. Nf3 c5 5. cxd5 Nxd5 6. O-O Nc6 7. d4 Nf6 8. dxc5 Qxd1 9. Rxd1 Bxc5 10. Nbd2 Ke7 11. Nc4 Bd7 12. Bf4 Nd5 13. Nfe5 Nxe5 14. Nxe5 Bc6 15. Nxc6+ bxc6 16. Rac1 Nxf4 17. gxf4 Bb6 18. Rxc6 Rac8 19. Rxc8 Rxc8 20. Be4 Rc4 21. Bd3 Rxf4 22. e3 Rg4+ 23. Kf1 h5 24. h3 Rb4 25. Rd2 g5 26. a3 Rh4 27. Kg2 g4 28. hxg4 Rxg4+ 29. Kf3 Rg5 30. Rd1 h4 31. Rh1 Rh5 32. Kg4 Rh6 33. Kh3 Rf6 34. Rf1 Rh6 35. b4 Rh8 36. a4 f5 37. a5 Bc7 38. Rc1 Bd6 39. b5 Rb8 40. Be2 Bb4 41. Rc7+ Kd6 42. Rxa7 Be1 43. Kg2 Rg8+ 44. Kf1 Bb4 45. Bf3 h3 46. b6 h2 47. b7 Rg1+ 48. Ke2 Kc7 49. Ra8 1-0

[Event "November 21 Late 2023"]
[Site "https://www.chess.com"]
[Date "2023.11.21"]
[Round "6"]
[White "Goltsev, Dmitry"]
[Black "Baches Garcia, Guillermo"]
[Result "1-0"]
[Board "44"]
[TimeControl "180+1"]
[WhiteFideId "24176710"]
[BlackFideId "2209764"]
[WhiteElo "2370"]
[BlackElo "2532"]
[WhiteTeam "RUS"]
[BlackTeam "ESP"]
[WhiteClock "0:00:11"]
[BlackClock "0:00:00"]

1. e4 d5 2. exd5 Qxd5 3. Nf3 Bg4 4. Be2 Nc6 5. Nc3 Qd7 6. h3 Bxf3 7. Bxf3 O-O-O 8. d3 Nd4 9. Be3 e5 10. a4 f5 11. Nb5 a6 12. Nxd4 exd4 13. Bd2 Re8+ 14. Kf1 Nf6 15. b4 b6 16. b5 axb5 17. axb5 Qxb5 18. g3 Bd6 19. Kg2 Kd7 20. Ra7 Rhg8 21. Qa1 g5 22. Qxd4 g4 23. hxg4 fxg4 24. Qxf6 gxf3+ 25. Qxf3 Re7 26. Rh6 Qc6 27. Rxd6+ Qxd6 28. Bf4 Qe6 29. Rxc7+ Ke8 30. Rc6 1-0